 Dungeon Crawl Stone Soup version 0.21.0-25-ge575cb9 (webtiles) character file.

70 mrmercer the Skirmisher (level 4, -5/40 HPs)
             Began as a Draconian Berserker on Jan 22, 2018.
             Was a Believer of Trog.
             Slain by Ratty's ghost (6 damage)
             ... on level 3 of the Dungeon.
             The game lasted 00:19:05 (2261 turns).

mrmercer the Skirmisher (Draconian Berserker)       Turns: 2261, Time: 00:19:05

Health: -5/40      AC:  5    Str: 20    XL:     4   Next: 3%
Magic:  13/13      EV: 13    Int:  7    God:    Trog [**....]
Gold:   78         SH:  0    Dex: 11    Spells: 3/3 levels left

rFire    . . .     SeeInvis .   g - +0 dagger (curse)
rCold    . . .     Gourm    .   (no shield)
rNeg     . . .     Faith    .   (armour unavailable)
rPois    .         Spirit   .   (helmet restricted)
rElec    .         Reflect  .   (no cloak)
rCorr    .         Harm     .   (no gloves)
MR       .....                  (no boots)
Stlth    +.........             (no amulet)
HPRegen  0.13/turn              y - ring of magical power
MPRegen  0.13/turn              (no ring)

@: no status effects
A: unfitting armour, cold-blooded, AC +5
a: Berserk, Trog's Hand, Burn Spellbooks, Renounce Religion


You were on level 3 of the Dungeon.
You worshipped Trog.
Trog was pleased with you.
You were not hungry.

You visited 1 branch of the dungeon, and saw 3 of its levels.

You collected 78 gold pieces.

Inventory:

Hand Weapons
 a - a +0 mace
 g - a cursed +0 dagger (weapon)
 j - a +0 mace
 m - a +0 whip
 o - a cursed -3 club
 p - a +0 club
 r - a +0 club
 s - a +0 club
 u - a +0 spear
 v - a +0 dagger of freezing
 B - a +0 quarterstaff
 E - a +0 dagger
 F - a +0 hunting sling
 G - a +0 dagger
 J - a +0 hunting sling
 L - a +0 hunting sling
 M - a +0 whip
 N - a +0 dagger
 O - a +0 flail
Missiles
 e - 85 stones (quivered)
 i - 34 arrows
 k - 34 poisoned needles
 w - 19 sling bullets
 C - 5 tomahawks
Armour
 d - a +0 ring mail
 h - a +0 robe
 n - a +0 ring mail
 q - a +0 chain mail
 t - a +0 scale mail
 z - a +0 helmet
 A - a +0 scale mail
 H - a +0 ring mail
 I - a +0 ring mail
 K - a +0 ring mail
Jewellery
 y - a ring of magical power (left hand)
Scrolls
 c - 2 scrolls of teleportation
 l - 2 scrolls of identify
Potions
 f - 4 potions of curing {unknown}
 x - a potion of heal wounds {unknown}
 D - a potion of agility {unknown}
Comestibles
 b - 2 rations


   Skills:
 + Level 4.1 Fighting
 + Level 1.4 Short Blades
 + Level 3.5 Maces & Flails
 + Level 3.1 Dodging


You had 3 spell levels left.
You didn't know any spells.

Dungeon Overview and Level Annotations

Branches:
Dungeon (3/15)

Altars:

Annotations:
D:3 Ratty's ghost, amateur GnAr


Innate Abilities, Weirdness & Mutations

Your plain brown scales are hard. (AC +5)
You cannot fit into any form of body armour.
You are cold-blooded and may be slowed by cold attacks.


Message History

You hit Ratty's ghost but do no damage. You tail-slap Ratty's ghost.
Ratty's ghost is lightly damaged.
Ratty's ghost hits you.
* * * LOW HITPOINT WARNING * * *
You hit Ratty's ghost but do no damage.
Ratty's ghost is lightly damaged.
The rat barely misses you. Ratty's ghost misses you.
You hit Ratty's ghost but do no damage.
Ratty's ghost is lightly damaged.
The rat closely misses you.
Ratty's ghost hits you but does no damage.
You hit Ratty's ghost.
You tail-slap Ratty's ghost, but do no damage.
Ratty's ghost is lightly damaged.
The rat bites you but does no damage. Ratty's ghost hits you!
* * * LOW HITPOINT WARNING * * *
You barely miss Ratty's ghost.
Ratty's ghost is lightly damaged.
The rat misses you. Ratty's ghost hits you.
You die...

..#.. ..#.. .. [#
.... ..... . ..#
.....# ..### ##..#
... .. #....####...#
..#
#.###.##....Wr>####
.#
#>#.........@.....#
>#
#.#.#.#####.#####..#
.####.....#....(#
....##...##.#####
###.##..###.### #
#...........# #
##..........# #
#..........#
####...##.....#


You could see Ratty's ghost and a rat.

Vanquished Creatures
  An adder (D:2)
  An ooze (D:2)
  2 worms (D:2)
  3 dart slugs
  2 leopard geckos
  An orc (D:3)
  3 ball pythons (D:2)
  3 giant cockroaches
  6 hobgoblins
  A quokka (D:3)
  5 bats
  4 goblins
  5 kobolds
  4 rats
  A toadstool (D:1)
42 creatures vanquished.

Vanquished Creatures (others)
  6 toadstools (D:1)
6 creatures vanquished.

Grand Total: 48 creatures vanquished

Notes
Turn   | Place    | Note
-------+----------+-------------------------------------------
     0 | D:1      | mrmercer the Draconian Berserker began the quest for the Orb.
     0 | D:1      | Reached XP level 1. HP: 19/19 MP: 1/1
   232 | D:1      | Reached XP level 2. HP: 10/26 MP: 2/2
  1032 | D:2      | Reached XP level 3. HP: 20/33 MP: 3/3
  1356 | D:2      | Reached skill level 1 in Short Blades
  1826 | D:2      | Reached skill level 4 in Fighting
  2098 | D:3      | Reached ** piety under Trog
  2244 | D:3      | Noticed Ratty's ghost (amateur GnAr)
  2247 | D:3      | Reached XP level 4. HP: 30/40 MP: 4/4
  2260 | D:3      | HP: 1/40 [Ratty's ghost (7)]
  2261 | D:3      | Slain by Ratty's ghost

Skill      XL: |  1  2  3 |
---------------+----------+-----
Dodging        | 3 |  3.1
Short Blades   | 1 |  1.4
Fighting       | 4 |  4.1
Maces & Flails | |  3.5

Action                   |  1- 3 |  4- 6 || total
-------------------------+-------+-------++-------
Melee: Mace              |    10 |       ||    10
       Dagger            |   193 |    14 ||   207
       Tailslap          |    24 |     5 ||    29
  Use: Scroll            |     3 |       ||     3
  Eat: Ration            |     2 |       ||     2
Armor: Skin              |    58 |     2 ||    60
Dodge: Dodged            |   135 |    11 ||   146
